 Dungeon Crawl Stone Soup version 0.21-a0-444-g29a2fec (webtiles) character file.

67 slep the Skirmisher (level 3, 0/29 HPs)
             Began as a Demonspawn Monk on Nov 18, 2017.
             Killed from afar by Sigmund (3 damage)
             ... with a wand of flame (?/48)
             ... on level 3 of the Dungeon.
             The game lasted 00:09:53 (2233 turns).

slep the Skirmisher (Demonspawn Monk)               Turns: 2233, Time: 00:09:54

Health: 0/29       AC:  6    Str:  8 (11) XL:     3   Next: 98%
Magic:  3/3        EV: 10    Int:  8 (11) God:
Gold:   62         SH:  3    Dex: 14 (16) Spells: 2/2 levels left

rFire    . . .     SeeInvis .   a - +0 falchion
rCold    . . .     Gourm    .   f - +0 buckler
rNeg     . . .     Faith    .   e - +0 ring mail
rPois    .         Spirit   .   l - +0 helmet
rElec    .         Reflect  .   (no cloak)
rCorr    .         Harm     .   (no gloves)
MR       .....                  (no boots)
Stlth    +.........             (no amulet)
HPRegen  0.09/turn              (no ring)
MPRegen  0.08/turn              (no ring)

@: no status effects
A: hooves 1, demonic guardian 1
a: no special abilities


You were on level 3 of the Dungeon.
You were hungry.

You visited 1 branch of the dungeon, and saw 3 of its levels.

You collected 62 gold pieces.

Inventory:

Hand Weapons
 a - a +0 falchion (weapon)
Missiles
 v - 2 tomahawks (quivered)
 x - 7 exploding tomahawks
Armour
 e - a +0 ring mail (worn)
 f - a +0 buckler (worn)
 l - a +0 helmet (worn)
Wands
 r - a wand of polymorph (9/24)
Scrolls
 g - 4 scrolls of fear {unknown}
 i - a scroll of magic mapping {unknown}
 q - a scroll of identify {unknown}
 s - a scroll of teleportation {unknown}
 w - 2 scrolls of amnesia {unknown}
Potions
 d - 2 potions of curing
 o - a potion of cancellation
Comestibles
 c - 3 bread rations
 m - a meat ration
 p - 2 fruits
 u - 2 royal jellies


   Skills:
 + Level 3.5 Fighting
 + Level 3.2 Long Blades
 + Level 0.1 Throwing
 + Level 1.1 Armour
 + Level 3.1 Dodging
 + Level 1.9 Stealth
 + Level 0.2 Shields


You had 2 spell levels left.
You didn't know any spells.

Dungeon Overview and Level Annotations

Branches:
Dungeon (3/15)

Altars:

Annotations:
D:3 Sigmund


Innate Abilities, Weirdness & Mutations

You have large cloven feet.
A weak demonic guardian rushes to your aid.


Message History

Sigmund hits your ufetubus with a scythe!
Your ufetubus dies!
Sigmund shouts!
You closely miss Sigmund. You kick Sigmund, but do no damage.
Sigmund is severely wounded.
Sigmund hits you but does no damage.
You closely miss Sigmund. Your kick misses Sigmund.
Sigmund is severely wounded.
You block Sigmund's attack.
You barely miss Sigmund.
Sigmund is severely wounded.
You closely miss Sigmund.
Sigmund is severely wounded.
Sigmund zaps a wand.
The puff of flame hits you!
* * * LOW HITPOINT WARNING * * *
Unknown command.
You hit Sigmund.
Sigmund is severely wounded.
Sigmund zaps a wand.
The puff of flame hits you!
You die...

#############
#............
#.........$..
#............
#............
#....<.....$.
#............
######.@@.........
#..........%......
#.................
#......###########
#.............#
#.............#
######.<......#
#........#
#........#


You could see Sigmund.

Vanquished Creatures
  A worker ant (D:3)
  An adder (D:2)
  2 worms (D:2)
  2 dart slugs
  2 giant cockroaches (D:2)
  4 hobgoblins
  3 jackals (D:1)
  A kobold (D:2)
  3 bats (D:2)
  3 frilled lizards (D:2)
  4 goblins
  4 rats
  A bush (D:1)
  3 plants (D:1)
34 creatures vanquished.

Vanquished Creatures (collateral kills)
  A bat (D:3)
1 creature vanquished.

Grand Total: 35 creatures vanquished

Notes
Turn   | Place    | Note
-------+----------+-------------------------------------------
     0 | D:1      | slep the Demonspawn Monk began the quest for the Orb.
     0 | D:1      | Reached XP level 1. HP: 18/18 MP: 1/1
   451 | D:1      | Gained mutation: You have large cloven feet. [demonic ancestry]
   451 | D:1      | Reached XP level 2. HP: 20/24 MP: 2/2
  1458 | D:2      | Gained mutation: A weak demonic guardian rushes to your aid. [demonic ancestry]
  1458 | D:2      | Reached XP level 3. HP: 20/29 MP: 3/3
  1966 | D:3      | Reached skill level 1 in Armour
  1973 | D:3      | Noticed Sigmund
  2233 | D:3      | Killed from afar by Sigmund

Vault maps used:
D:1:      lightli_arrival_maybe_door_vault, serial_forest,
          infiniplex_forest_side_room, infiniplex_forest_straight_3,
          infiniplex_forest_straight_4, infiniplex_forest_clump_tiny,
          infiniplex_forest_clump_curved, infiniplex_forest_clump_medium,
          infiniplex_forest_end_double, infiniplex_forest_clump_small,
          minivault_27
D:3:      first_bread, uniq_sigmund

Skill      XL: |  1  2  3 |
---------------+----------+-----
Dodging        | 3 |  3.1
Long Blades    | 3 |  3.2
Armour         | 1 |  1.1
Fighting       | |  3.5
Throwing       | |  0.1
Stealth        | |  1.9
Shields        | |  0.2

Action                   || total
-------------------------++-------
Melee: Falchion          ||   467
       Kick              ||   117
Throw: Tomahawk          ||     2
  Use: Potion            ||     6
  Eat: Chunk             ||     5
Armor: Ring mail         ||    32
       Robe              ||     2
Dodge: Dodged            ||    77
Block: Buckler           ||    29
       Rpst.: Falchion   ||    26

Table legend:
 A = Spawn XP
 B = Non-spawn XP
 C = Spawn XP percentage of total XP
 D = Spawn monster count
 E = Non-spawn monster count
 F = Spawn count percentage of total count
 G = Total turns spent on level
                    A         B        C        D         E        F      G
               +---------+---------+-------+---------+---------+-------+---------
         Total |       0 |      96 |   0.0 |       0 |      31 |   0.0 |  2233
               +---------+---------+-------+---------+---------+-------+---------
           D:1 |       0 |      14 |   0.0 |       0 |       7 |   0.0 |  1258
           D:2 |       0 |      54 |   0.0 |       0 |      21 |   0.0 |   930
           D:3 |       0 |      28 |   0.0 |       0 |       3 |   0.0 |    45
               +---------+---------+-------+---------+---------+-------+---------
